 Dungeon Crawl Stone Soup version 0.23-a0-82-gdf0b57c211 (webtiles) character file.

10518 LLavrengius the Transmogrifier (level 11, -6/75 HPs)
             Began as an Octopode Transmuter on Aug 13, 2018.
             Was a Believer of Ashenzari.
             Mangled by a wyvern (20 damage)
             ... on level 10 of the Dungeon.
             The game lasted 01:35:54 (15570 turns).

LLavrengius the Transmogrifier (OpTm)              Turns: 15570, Time: 01:35:55

Health: -6/75      AC:  7    Str:  9    XL:     11   Next: 63%
Magic:  15/17      EV: 25    Int: 19    God:    Ashenzari [**....]
Gold:   456        SH:  0    Dex: 18    Spells: 11/18 levels left

rFire    . . .     SeeInvis .     - Unarmed
rCold    + . .     Gourm    .   (shield currently unavailable)
rNeg     . . .     Faith    .   (helmet currently unavailable)
rPois    .         Spirit   .   r - amulet of magic regeneration
rElec    .         Reflect  .   b - ring of poison resistance (curse)
rCorr    .         Harm     .   E - +5 ring of protection (curse)
MR       .....                  I - ring of protection from cold (curse)
Stlth    +++.......             (no ring)
HPRegen  0.22/turn              (no ring)
MPRegen  0.40/turn              (no ring)
                                (no ring)
                                (no ring)

@: spider-form
A: tiny, almost no armour, stealthy swim, (amphibious), 8 rings, (constrict 8)
a: End Transformation, Curse Item, Scrying, Renounce Religion


You were on level 10 of the Dungeon.
You worshipped Ashenzari.
Ashenzari was pleased with you.
You were hungry.
You were a venomous arachnid creature.
You visited 2 branches of the dungeon, and saw 12 of its levels.
You also visited: Ossuary.

You collected 552 gold pieces.
You spent 96 gold pieces at shops.

Inventory:

Hand Weapons
 i - a +0 short sword of speed
 m - a +0 hunting sling
 v - a +1 dagger of draining
 y - a cursed -2 hunting sling (melded)
 J - the +4 morningstar of Urgency {crush, rC+ rN+ Stlth+}
   (You found it on level 5 of the Dungeon)

   It inflicts extra damage upon your enemies.
   It protects you from cold.
   It protects you from negative energy.
   It makes you more stealthy.
 L - a +0 double sword
 P - a cursed -2 blowgun
Missiles
 a - 114 arrows
 d - 234 stones
 g - 63 bolts
 o - 52 sling bullets
 B - 4 tomahawks
 H - 29 poisoned needles
 M - 2 throwing nets
 T - 5 tomahawks of returning (quivered)
Armour
 l - a cursed +0 buckler (melded)
Jewellery
 b - a cursed ring of poison resistance (left front leg)
 r - an amulet of magic regeneration (around neck)
 E - a cursed +5 ring of protection (right front leg)
 G - a cursed ring of wizardry
 I - a cursed ring of protection from cold (on tentacle)
Wands
 f - a wand of acid (12)
 A - a wand of flame (20)
 F - a wand of polymorph (15)
 S - a wand of iceblast (12)
Scrolls
 j - a scroll of noise {unknown}
 n - a scroll of enchant weapon {unknown}
 p - 3 scrolls of magic mapping {unknown}
 u - 6 scrolls of immolation {unknown}
 x - a scroll of enchant armour {unknown}
 C - 2 scrolls of remove curse
 D - a scroll of blinking {unknown}
 N - 5 scrolls of teleportation {unknown}
 O - a scroll of vulnerability {unknown}
Potions
 e - 4 potions of degeneration
 h - a potion of lignification
 k - a potion of magic
 q - a potion of mutation {unknown}
 s - 4 potions of curing
 t - 3 potions of haste
 w - 2 potions of invisibility
 z - a potion of brilliance
 K - a potion of agility
 Q - a potion of cancellation
 R - 2 potions of flight
 U - a potion of resistance
Comestibles
 c - 12 rations


   Skills:
 - Level 7.2 Fighting
 - Level 6.0 Dodging
 - Level 4.1 Stealth
 - Level 3.3(4.6) Shields
 - Level 8.7 Unarmed Combat
 - Level 4.0 Spellcasting
 - Level 3.8 Hexes
 + Level 10.5 Transmutations
 - Level 4.3 Poison Magic


You had 11 spell levels left.
You knew the following spells:

 Your Spells              Type           Power        Failure   Level  Hunger
a - Beastly Appendage     Tmut           #####.       2%          1    None
b - Sticks to Snakes      Tmut           #####...     2%          2    ##.....
c - Spider Form           Tmut/Pois      ####......   8%          3    ###....
d - Confusing Touch       Hex            ###...       10%         1    None

Your spell library contained the following spells:

 Spells                   Type           Power        Failure   Level  Hunger
 Cause Fear               Hex            ###.......   50%         4    ####...
 Slow                     Hex            ###.....     13%         2    ##.....
 Confuse                  Hex            ###.....     22%         3    ###....
 Blade Hands              Tmut           #####.....   14%         5    ######.
 Ice Form                 Ice/Tmut       ###.....     34%         4    ####...
 Metabolic Englaciation   Hex/Ice        ##........   95%         5    ######.
 Corona                   Hex            ###....      10%         1    None
 Portal Projectile        Hex/Tloc       ##....       38%         3    ###....
 Petrify                  Tmut/Erth      ###.....     34%         4    ####...
 Leda's Liquefaction      Hex/Erth       ##........   73%         4    ####...
 Inner Flame              Hex/Fire       ##......     38%         3    ###....
 Gell's Gravitas          Tloc           #.........   61%         3    ###....
 Yara's Violent Unravell  Hex/Tmut       ####......   41%         5    ######.


Dungeon Overview and Level Annotations

Branches:
Dungeon (11/15)            Temple (1/1) D:6            Lair (0/6) D:10
    Orc: D:9-12

Altars:
Ashenzari
Cheibriados
Dithmenos
Elyvilon
Fedhas
Gozag
Hepliaklqana
Kikubaaqudgha
Makhleb
Nemelex Xobeh
Okawaru
Qazlal
Ru
Sif Muna
Trog
Uskayaw
Vehumet
Wu Jian
Xom
Yredelemnul
Zin
The Shining One

Shops:
D:6 !

Annotations:
D:5 Sigmund
D:7 Dowan, Duvessa
D:10 Erica
D:11 Snorg, Sonja


Innate Abilities, Weirdness & Mutations

You cannot wear most types of armour.
You are very stealthy in the water. (Stealth+)
((You are amphibious.))
You can wear up to eight rings at the same time.
((You can use your tentacles to constrict eight enemies at once.))
((Your skin changes colour to match your surroundings (Stealth+).))
((Your rubbery body absorbs attacks. (AC +1, EV +1)))


Message History

The wyvern barely misses you.
There is a stone staircase leading up here.
The wyvern misses you.
You climb upwards.
Level annotation: Erica
There is a stone staircase leading down here.
Casting: Sticks to Snakes (safe; 1% risk of failure)
Confirm with . or Enter, or press ? or * to list all spells.
You turn into a venomous arachnid creature.
Your cursed -2 hunting sling melds into your body.
Your cursed +0 buckler melds into your body.
The wyvern misses you.
The wyvern bites you but does no damage.
You bite the wyvern!
The wyvern is poisoned.
The wyvern is moderately wounded.
The wyvern misses you.
You hit the wyvern but do no damage.
The wyvern looks as sick as possible!
The wyvern is moderately wounded.
The wyvern bites you!!
You die...

#.......###################....
#.......# #.... #.......# #####
#....<..# # #.......# #
##'###### # #.# # #.# #########
# #.### #sl.....# ### #...#
#.......# ###.. ###.# #.......#
####.'.> #.# #.......# #....#..
#.# #.......###.####.. #.#
#.......'...# #.. #.#
#.......##### #.. #.##
#.......# #.. #..# ###'#####
###


You could see a wyvern.

Vanquished Creatures
  A two-headed ogre (D:11)
  Nergalle (D:10)
  A merfolk (D:10)
  2 hippogriffs (D:11)
  2 wyverns (D:8)
  18 yaks
  2 hungry ghosts
  Menkaure (D:7)
  2 hell hounds
  2 water moccasins
  2 ice beasts (D:9)
  3 orc warriors
  A sky beast (D:11)
  An eye of draining (D:11)
  2 necrophages
  2 phantoms
  7 ogres
  4 centaurs
  A big kobold (D:7)
  2 crocodiles
  2 bullfrogs
  2 elf zombies (Ossuary)
  3 scorpions
  5 killer bees
  4 howler monkeys
  A vampire bat (D:3)
  4 crimson imps
  A quasit (D:8)
  3 bullfrog zombies
  6 hounds
  4 jellies
  5 orc priests
  3 centaur skeletons
  6 orc wizards
  3 iguanas
  6 worker ants
  2 hound zombies (Ossuary)
  2 hound skeletons
  5 mummies
  A worker ant zombie (D:9)
  15 gnolls
  8 adders
  2 shadow imps (D:5)
  An ooze (D:1)
  3 adder zombies
  3 fire bats (D:3)
  2 leopard geckos
  32 orcs
  2 spectral bats (D:3)
  14 bats
  3 bat skeletons (D:3)
  A bat zombie (D:3)
  4 giant cockroaches
  A gnoll zombie (Ossuary)
  8 goblins
  7 hobgoblins
  7 jackals
  3 quokkas
  A ball python (D:1)
  A bat simulacrum (D:3)
  9 frilled lizards
  2 goblin zombies (D:8)
  2 jackal zombies (Ossuary)
  10 kobolds
  A kobold zombie (Ossuary)
  3 leopard gecko skeletons
  2 orc zombies (Ossuary)
  3 rats
275 creatures vanquished.

Vanquished Creatures (collateral kills)
  A cyclops (D:10)
  A jelly (D:11)
  An adder (D:4)
  A leopard gecko (D:1)
4 creatures vanquished.

Grand Total: 279 creatures vanquished

Notes
Turn   | Place    | Note
-------+----------+-------------------------------------------
     0 | D:1      | LLavrengius the Octopode Transmuter began the quest for the Orb.
     0 | D:1      | Reached XP level 1. HP: 13/13 MP: 3/3
   321 | D:1      | Reached XP level 2. HP: 18/18 MP: 5/5
   325 | D:1      | Learned a level 2 spell: Sticks to Snakes
   712 | D:1      | Reached skill level 3 in Transmutations
   712 | D:1      | Reached XP level 3. HP: 24/24 MP: 6/6
   717 | D:1      | Learned a level 3 spell: Spider Form
  1511 | D:2      | Reached skill level 1 in Poison Magic
  1511 | D:2      | Reached XP level 4. HP: 29/29 MP: 5/7
  1962 | D:3      | Found an ancient bone altar of Kikubaaqudgha.
  2393 | D:3      | Reached XP level 5. HP: 35/35 MP: 6/8
  2698 | D:3      | Reached skill level 4 in Transmutations
  2976 | D:3      | Reached XP level 6. HP: 20/42 MP: 9/9
  3428 | D:4      | Reached skill level 1 in Shields
  3716 | D:4      | Found an iron altar of Okawaru.
  3810 | D:4      | Reached XP level 7. HP: 23/47 MP: 7/10
  4211 | D:4      | Reached skill level 1 in Stealth
  4878 | D:5      | Entered Level 5 of the Dungeon
  4987 | D:5      | Noticed Sigmund
  5307 | D:5      | Reached skill level 5 in Fighting
  5628 | D:5      | Got a transparent morningstar
  5645 | D:5      | Reached XP level 8. HP: 52/57 MP: 11/11
  5662 | D:5      | Found a stormy altar of Qazlal.
  6244 | D:6      | Found a staircase to the Ecumenical Temple.
  6256 | Temple   | Entered the Ecumenical Temple
  6266 | Temple   | Became a worshipper of Ashenzari the Shackled
  6267 | Temple   | Identified the +4 morningstar of Urgency {crush, rC+ rN+ Stlth+} (You found it on level 5 of the Dungeon)
  6471 | D:6      | Found a burning altar of Makhleb.
  6471 | D:6      | Noticed a balrug
  6474 | D:6      | Noticed a smoke demon
  6474 | D:6      | Noticed a ynoxinul
  6590 | D:6      | Found Reifoyh's Distillery.
  6593 | D:6      | Bought a potion of might for 48 gold pieces
  6593 | D:6      | Bought a potion of agility for 48 gold pieces
  6729 | D:6      | Found a hazy altar of Hepliaklqana.
  6998 | D:7      | Noticed Duvessa
  6998 | D:7      | Noticed Dowan
  7025 | D:7      | Reached * piety under Ashenzari
  7072 | D:7      | Noticed Menkaure
  7085 | D:7      | Killed Menkaure
  7478 | D:7      | Reached XP level 9. HP: 56/63 MP: 10/13
  7885 | D:7      | Reached skill level 5 in Unarmed Combat
  8053 | D:8      | Found a sand-covered staircase.
  8063 | Ossuary  | Entered an ossuary
  8163 | Ossuary  | HP: 2/63 [elf zombie (6)]
  9103 | D:8      | Reached ** piety under Ashenzari
 10059 | D:9      | Reached skill level 5 in Dodging
 10375 | D:9      | Reached XP level 10. HP: 71/71 MP: 14/16
 11233 | D:9      | Reached skill level 5 in Transmutations
 11327 | D:10     | Entered Level 10 of the Dungeon
 11350 | D:10     | Reached skill level 6 in Transmutations
 11716 | D:10     | Learned a level 1 spell: Confusing Touch
 11724 | D:10     | Found a staircase to the Lair.
 11851 | D:10     | Reached skill level 1 in Hexes
 12266 | D:10     | Noticed Nergalle
 12280 | D:10     | Noticed Erica
 12328 | D:10     | Killed Nergalle
 12328 | D:10     | Reached skill level 7 in Transmutations
 12328 | D:10     | Reached XP level 11. HP: 13/75 MP: 17/17
 12885 | D:10     | Noticed a cyclops
 12905 | D:10     | Reached skill level 8 in Transmutations
 13453 | D:11     | Reached skill level 9 in Transmutations
 13614 | D:11     | Noticed a red ugly thing
 14263 | D:11     | Noticed a two-headed ogre
 14294 | D:11     | Killed a two-headed ogre
 14409 | D:11     | Reached skill level 10 in Transmutations
 14468 | D:11     | Noticed Sonja
 14906 | D:10     | Killed a cyclops
 15272 | D:11     | Noticed Snorg
 15337 | D:11     | Noticed a five-headed hydra
 15570 | D:10     | Mangled by a wyvern

Vault maps used:
D:1:      scummos_arrival_simple_fountains
D:2:      minmay_crystal_water, kennysheep_generic_room_14
D:3:      kiku_gazebo_garden_becter, goddamned_bats
D:4:      okawaru_gym_becter
D:5:      nicolae_qazlal_eye_of_the_storm, first_ration,
          kennysheep_windowed_goal, uniq_sigmund
D:6:      minmay_temple_entry_water_ring, basic_altar, serial_shops, shop,
          makhleb_altar_promises_db
D:7:      uniq_menkaure, uniq_duvessa
D:8:      nicolae_ossuary_entry_giza
D:10:     minmay_lair_entry_lava, hangedman_fish_farm, uniq_nergalle, uniq_erica
D:11:     serial_column_ruins, column_ruins_circle_large,
          column_ruins_hut_pillars, column_ruins_open_tiny,
          column_ruins_columns_corner, column_ruins_grid_1,
          column_ruins_columns_corner, column_ruins_open_tiny, uniq_snorg,
          uniq_sonja
Temple:   regret_index_temple_chain_breaker
Ossuary:  ossuary_minmay_tomb_2a

Skill      XL: |  1  2  3  4  5  6  7  8  9 10 11 |
---------------+----------------------------------+-----
Transmutations | 3 4 7 10 | 10.5
Fighting       | 2 3 5 6 7 |  7.2
Poison Magic   | 1 2 3 4 |  4.3
Shields        | 2 3 |  3.3
Stealth        | 3 4 |  4.1
Unarmed Combat | 4 7 8 |  8.7
Dodging        | 3 5 6 |  6.0
Spellcasting   | 3 4 |  4.0
Hexes          | 3 |  3.8

Action                   |  1- 3 |  4- 6 |  7- 9 | 10-12 || total
-------------------------+-------+-------+-------+-------++-------
Melee: Unarmed           |    17 |    16 |   435 |   441 ||   909
       Kick              |     8 |    12 |       |       ||    20
       Constrict         |    15 |    32 |     4 |       ||    51
       Tentacles         |    13 |    17 |     3 |       ||    33
       Short sword       |    46 |   121 |    22 |       ||   189
       Punch             |       |     1 |       |       ||     1
 Fire: Hunting sling     |       |       |    11 |    12 ||    23
Throw: Tomahawk          |       |       |       |     3 ||     3
 Cast: Beastly Appendage |     7 |    11 |     2 |       ||    20
       Sticks to Snakes  |     1 |     2 |     9 |    18 ||    30
       Spider Form       |       |     4 |    63 |    48 ||   115
Invok: Curse Item        |       |       |     4 |     1 ||     5
  Use: Scroll            |       |       |    12 |     2 ||    14
       Potion            |       |       |     4 |     6 ||    10
 Stab: Sleeping          |     8 |     9 |     7 |     6 ||    30
       Distracted        |       |       |     1 |       ||     1
  Eat: Chunk             |     2 |     8 |    20 |    15 ||    45
       Ration            |       |       |     3 |     2 ||     5
Armor: Skin              |     4 |    17 |    61 |    43 ||   125
Dodge: Dodged            |    29 |   124 |   460 |   480 ||  1093
Block: Buckler           |       |       |     2 |     3 ||     5

Table legend:
 A = Non-vault XP
 B = Vault XP
 C = Vault XP percentage of total XP
 D = Non-vault monster count
 E = Vault monster count
 F = Vault count percentage of total count
 G = Total turns spent on level
                 A         B        C        D         E       F
            +---------+---------+-------+---------+---------+-------
      Total |   12895 |    2132 |  14.2 |     232 |      47 |  16.8
            +---------+---------+-------+---------+---------+-------
        D:1 |      55 |       0 |   0.0 |      22 |       0 |   0.0
        D:2 |      25 |       3 |  10.7 |       9 |       2 |  18.2
        D:3 |      91 |     176 |  65.9 |      20 |      20 |  50.0
        D:4 |     537 |       0 |   0.0 |      15 |       0 |   0.0
        D:5 |     444 |       3 |   0.7 |      12 |       1 |   7.7
        D:6 |     327 |       0 |   0.0 |       8 |       0 |   0.0
        D:7 |     753 |     172 |  18.6 |      20 |       1 |   4.8
        D:8 |    1418 |      18 |   1.3 |      19 |       3 |  13.6
        D:9 |    2896 |     151 |   5.0 |      40 |       1 |   2.4
       D:10 |    3753 |    1288 |  25.6 |      26 |       3 |  10.3
       D:11 |    2596 |       0 |   0.0 |      41 |       0 |   0.0
    Ossuary |       0 |     321 | 100.0 |       0 |      16 | 100.0
            +---------+---------+-------+---------+---------+-------
